 Dungeon Crawl Stone Soup version 0.27.1-35-g4d5d836560 (console) character file.

Game seed: 2558585151770715369

11625 grimtooth the Destroyer (level 11, -9/64 HPs)
             Began as a Tengu Conjurer on Mar 27, 2022.
             Was a Follower of Vehumet.
             Hit by a large rock thrown by a cyclops (21 damage)
             ... on level 11 of the Dungeon.
             The game lasted 00:48:02 (10694 turns).

grimtooth the Destroyer (Tengu Conjurer)           Turns: 10694, Time: 00:48:02

Health: -9/64      AC: 11    Str: 17    XL:     11   Next: 80%
Magic:  13/21      EV: 17    Int: 28    God:    Vehumet [*.....]
Gold:   463        SH:  0    Dex: 19    Spells: 12/22 levels left

rFire    . . .     SeeInvis +   a - +10 eveningstar {venom, rN+ Dex+3 Stlth+}
rCold    . . .     Faith    .   (no shield)
rNeg     + . .     Spirit   .   u - +1 ring mail {Will+}
rPois    .         Reflect  .   (helmet restricted)
rElec    .         Harm     .   (no cloak)
rCorr    +         Rampage  .   J - +3 pair of gloves of Resilience {SInv}
Will     +....                  (boots unavailable)
Stlth    ++++......             f - amulet of regeneration
HPRegen  1.20/turn              t - ring "Xecosui" {rCorr Str+3 Int+7 Dex+3}
MPRegen  0.17/turn              D - +6 ring of strength

@: marked, flying quickly and evasively, quick
A: beak, talons 3, nimble flight
a: Renounce Religion


You were on level 11 of the Dungeon.
You worshipped Vehumet.
Vehumet was aware of your devotion.
You visited 2 branches of the dungeon, and saw 12 of its levels.

You collected 515 gold pieces.
You spent 52 gold pieces at shops.

Inventory:

Hand Weapons
 a - the +10 eveningstar of Ellexyeju (weapon) {venom, rN+ Dex+3 Stlth+}
   (You found it on level 4 of the Dungeon)

   It poisons the flesh of those it strikes.
   Dex:       It affects your dexterity (+3).
   rN:        It protects you from negative energy.
   Stlth:     It makes you more stealthy.
 x - a +2 dagger of speed
Missiles
 e - 63 stones
 h - 258 arrows
 m - 41 poisoned darts (quivered)
 p - 91 sling bullets
 w - a curare-tipped dart
 A - 4 boomerangs of dispersal
 I - 2 atropa-tipped darts
Armour
 u - a +1 ring mail of willpower (worn)
 J - the +3 pair of gloves of Resilience (worn) {SInv}
   (You found it on level 7 of the Dungeon)

   SInv:      It lets you see invisible.
Jewellery
 f - an amulet of regeneration (around neck)
 q - an amulet of reflection
 t - the ring "Xecosui" (left hand) {rCorr Str+3 Int+7 Dex+3}
   (You found it on level 9 of the Dungeon)

   [ring of resist corrosion]

   Str:       It affects your strength (+3).
   Int:       It affects your intelligence (+7).
   Dex:       It affects your dexterity (+3).
   rCorr:     It protects you from acid and corrosion.
 D - a +6 ring of strength (right hand)
 O - a ring of willpower
Wands
 c - a wand of mindburst (12)
 l - a wand of iceblast (30)
 o - a wand of paralysis (19)
 G - a wand of acid (10)
 N - a wand of charming (6)
Scrolls
 g - 2 scrolls of brand weapon {unknown}
 i - 3 scrolls of teleportation {unknown}
 j - 2 scrolls of fear {unknown}
 k - 2 scrolls of holy word {unknown}
 y - 4 scrolls of magic mapping {unknown}
 z - a scroll of amnesia {unknown}
 B - 2 scrolls of noise {unknown}
 L - 2 scrolls of fog {unknown}
 M - a scroll of enchant weapon {unknown}
Potions
 b - a potion of berserk rage
 d - a potion of magic
 n - 2 potions of might
 r - 3 potions of mutation
 s - 3 potions of brilliance
 v - a potion of curing
 C - 4 potions of heal wounds
 E - a potion of lignification
 F - 2 potions of cancellation
 H - 2 potions of haste
 K - 3 potions of attraction


   Skills:
 - Level 6.0 Fighting
 - Level 6.0 Maces & Flails
 - Level 6.0 Armour
 - Level 6.0 Dodging
 - Level 6.0 Stealth
 + Level 6.3 Spellcasting
 - Level 12.0 Conjurations
 - Level 6.0 Translocations
 - Level 6.0 Air Magic


You had 12 spell levels left.
You knew the following spells:

 Your Spells              Type           Power      Damage    Failure   Level
a - Magic Dart            Conj           100%       1d8       1%          1
b - Searing Ray           Conj           100%       3d7       1%          2
c - Mephitic Cloud        Conj/Pois/Air  42%        N/A       2%          3
d - Iskenderun's Mystic   Conj/Tloc      56%        2d12      2%          4

Your spell library contained the following spells:

 Spells                   Type           Power      Damage    Failure   Level
 Foxfire                  Conj/Fire      100%       2x1d9     1%          1
 Dazzling Flash           Conj/Hex       84%        N/A       2%          3
 Gell's Gravitas          Tloc           21%        N/A       2%          3
 Lesser Beckoning         Tloc           21%        N/A       2%          3
 Teleport Other           Tloc           42%        N/A       2%          3
 Poisonous Vapours        Pois/Air       50%        N/A       4%          2
 Fulminant Prism          Conj/Hex       21%        3d13      9%          4
 Hailstorm                Conj/Ice       42%        3d10      9%          4
 Freeze                   Ice            32%        1d5       10%         1
 Sting                    Tmut/Pois      32%        1d4       10%         1
 Call Imp                 Summ           8%         N/A       14%         2
 Frozen Ramparts          Ice            16%        1d3       28%         3
 Olgreb's Toxic Radiance  Pois           8%         N/A       67%         4


Dungeon Overview and Level Annotations

Branches:
Dungeon (11/15)            Temple (1/1) D:7             Orc (0/2) D:9
   Lair: D:8-11

Altars:
Ashenzari
Cheibriados
Dithmenos
Elyvilon
Fedhas
Gozag
Hepliaklqana
Kikubaaqudgha
Sif Muna
Trog
Uskayaw
Vehumet
Wu Jian
Xom
Yredelemnul
Zin
The Shining One

Shops:
D:7 *   D:10 [

Annotations:
D:3 1 runed translucent door yiuf


Innate Abilities, Weirdness & Mutations

You have a beak for a mouth.
You have claws for feet.
Your magical nature lets you fly swiftly and evasively.


Message History

The warg is heavily wounded. (Press . to maintain the ray.)
A gargoyle comes into view. It is wielding a +0 mace.
The warg misses you. The warg bites you.
Casting: Searing Ray (safe; 1% risk of failure)
Confirm with . or Enter, or press ? or * to list all spells.
Aiming: Searing Ray (safe; 1% risk of failure)
Press: ? - help, Shift-Dir - straight line, f - gargoyle, p - warg
Aim: a gargoyle, wielding a +0 mace (92% to hit)
The searing ray hits the warg!
The warg is severely wounded.
The searing ray hits the gargoyle but does no damage. (Press . to maintain the ray.)
The warg bites you.
The searing ray misses the warg.
The warg bites you!
Casting: Searing Ray (safe; 1% risk of failure)
Confirm with . or Enter, or press ? or * to list all spells.
You erupt in a blast of force!
The mystic blast hits the warg!
You kill the warg!
Vehumet accepts your kill.
You feel your power returning.
The mystic blast hits the gargoyle but does no damage.
An orc wizard comes into view. It is wielding a +0 dagger.
The gargoyle hurls a stone arrow at you.
The stone arrow misses you.
The orc wizard mumbles some strange words.
The orc wizard flickers and vanishes for a moment.
The gargoyle hurls a stone arrow at you.
The stone arrow misses you.
You hit the gargoyle.
You claw the gargoyle, but do no damage.
The gargoyle is lightly damaged.
The gargoyle hurls a stone arrow at you.
The stone arrow hits you!!
A cyclops comes into view.
The gargoyle hurls a stone arrow at you.
The stone arrow hits you!!
* * * LOW HITPOINT WARNING * * *
The cyclops throws a large rock.
The large rock hits you!!
You die...

.. ###+## ...
##....# ....
C....##....
#..........
######.o........
........9.......
................
........@.......
#...#########...
#.. . #


You could see a cyclops, a gargoyle and an orc wizard (invisible).

Vanquished Creatures
  Snorg (D:10)
  A boulder beetle (D:10)
  A hydra (D:8)
  A centaur warrior (D:9)
  2 two-headed ogres
  A centaur zombie (D:10)
  An unseen horror (D:10)
  A troll (D:9)
  Prince Ribbit (D:6)
  A shadow (D:10)
  A wraith (D:9)
  2 wyverns
  14 yaks
  A warg (D:11)
  An acid dragon (D:9)
  2 water moccasins
  An ice beast (D:6)
  2 orc warriors
  A sky beast (D:5)
  3 black bears
  2 centaurs
  2 necrophages (D:5)
  2 ogres
  2 phantoms (D:6)
  3 kobold brigands
  4 bullfrogs
  A scorpion (D:5)
  A water moccasin skeleton (D:5)
  A jelly (D:5)
  4 killer bees (D:10)
  7 wights
  An electric eel (D:10)
  4 howler monkeys (D:9)
  2 gnoll shamans
  3 orc priests
  3 hounds
  Terence (D:2)
  4 iguanas
  6 orc wizards
  A howler monkey zombie (D:6)
  10 gnolls
  7 adders
  A shadow imp (D:8)
  3 white imps
  2 dart slugs (D:4)
  24 orcs
  4 ball pythons
  6 endoplasms
  A giant cockroach (D:1)
  6 goblins
  6 hobgoblins
  3 jackals
  3 bats
  4 frilled lizards
  18 kobolds
  4 rats
195 creatures vanquished.

Vanquished Creatures (collateral kills)
  A cyclops (D:8)
1 creature vanquished.

Vanquished Creatures (others)
  A fungus (D:3)
1 creature vanquished.

Grand Total: 197 creatures vanquished

Notes
Turn   | Place    | Note
-------+----------+-------------------------------------------
     0 | D:1      | grimtooth the Tengu Conjurer began the quest for the Orb.
     0 | D:1      | Reached XP level 1. HP: 10/10 MP: 4/4
   444 | D:1      | Found a faded altar of an unknown god.
   508 | D:1      | Reached XP level 2. HP: 15/15 MP: 4/6
   580 | D:1      | Learned a level 2 spell: Searing Ray
   907 | D:2      | Reached XP level 3. HP: 19/19 MP: 5/7
   968 | D:2      | Reached skill level 6 in Conjurations
  1189 | D:2      | Noticed an ogre
  1194 | D:2      | Killed an ogre
  1195 | D:2      | Reached XP level 4. HP: 24/24 MP: 2/10
  1464 | D:2      | Found a shimmering altar of Xom.
  1623 | D:2      | Gained mutation: Your magical nature lets you fly swiftly
                  | and evasively. [Tengu growth]
  1623 | D:2      | Reached XP level 5. HP: 28/28 MP: 7/11
  1721 | D:2      | Noticed Terence
  1727 | D:2      | Killed Terence
  1728 | D:2      | Reached skill level 7 in Conjurations
  2647 | D:3      | Found a runed translucent door.
  2961 | D:4      | Reached XP level 6. HP: 32/32 MP: 8/13
  2964 | D:4      | Reached skill level 8 in Conjurations
  3148 | D:4      | Learned a level 4 spell: Iskenderun's Mystic Blast
  3149 | D:4      | Noticed a black bear
  3194 | D:4      | Killed a black bear
  3195 | D:4      | Reached skill level 1 in Translocations
  3288 | D:4      | Identified the +10 eveningstar of Ellexyeju {venom, rN+
                  | Dex+3 Stlth+}
  3290 | D:4      | - ok then
  3397 | D:4      | Reached XP level 7. HP: 32/36 MP: 3/14
  3398 | D:4      | Reached skill level 9 in Conjurations
  3845 | D:5      | Entered Level 5 of the Dungeon
  4341 | D:5      | Reached XP level 8. HP: 41/41 MP: 11/15
  4464 | D:5      | Reached skill level 5 in Translocations
  4998 | D:5      | Found an opulent altar of Gozag.
  5226 | D:6      | Found a bloodstained altar of Trog.
  5288 | D:6      | Noticed a two-headed ogre
  5346 | D:6      | Reached skill level 1 in Armour
  5496 | D:6      | Killed a two-headed ogre
  5497 | D:6      | Reached skill level 5 in Dodging
  5497 | D:6      | Reached XP level 9. HP: 45/45 MP: 3/16
  5627 | D:6      | Reached skill level 5 in Armour
  5692 | D:6      | Found a shimmering blue altar of Sif Muna.
  5701 | D:6      | Found a snail-covered altar of Cheibriados.
  5703 | D:6      | Found a basalt altar of Yredelemnul.
  5704 | D:6      | Found a broken altar of Ashenzari.
  5705 | D:6      | Found a white marble altar of Elyvilon.
  5706 | D:6      | Found an ancient bone altar of Kikubaaqudgha.
  5707 | D:6      | Found an ornate altar of the Wu Jian Council.
  5768 | D:6      | Noticed Prince Ribbit
  5775 | D:6      | Killed Prince Ribbit
  5808 | D:6      | You are sucked into a shaft and drop 1 floor!
  5854 | D:7      | Found Daegh's CLEARANCE SALE! EVERYTHING MUST GO!.
  5870 | D:7      | Bought a potion of cancellation for 16 gold pieces
  5870 | D:7      | Bought a book of Minor Magic for 36 gold pieces
  5876 | D:7      | Learned a level 3 spell: Mephitic Cloud
  6004 | D:7      | Reached skill level 1 in Maces & Flails
  6052 | D:7      | Found a staircase to the Ecumenical Temple.
  6078 | Temple   | Entered the Ecumenical Temple
  6105 | Temple   | Became a worshipper of Vehumet
  6396 | D:7      | Identified the +3 pair of gloves of Resilience {SInv}
  6487 | D:6      | Found a glowing golden altar of the Shining One.
  6673 | D:6      | Found a hazy altar of Hepliaklqana.
  6851 | D:8      | Noticed a cyclops
  6865 | D:8      | - well shit
  6869 | D:8      | Killed a cyclops
  6870 | D:8      | Reached skill level 5 in Spellcasting
  7226 | D:8      | Found a shadowy altar of Dithmenos.
  7329 | D:8      | Noticed a two-headed ogre
  7393 | D:8      | Killed a two-headed ogre
  7394 | D:8      | Reached skill level 5 in Maces & Flails
  7394 | D:8      | Reached XP level 10. HP: 50/50 MP: 13/20
  7796 | D:8      | Reached skill level 10 in Conjurations
  8038 | D:8      | Noticed a four-headed hydra
  8047 | D:8      | Killed a four-headed hydra
  8048 | D:8      | Reached skill level 11 in Conjurations
  8333 | D:9      | Reached skill level 12 in Conjurations
  8432 | D:9      | Reached skill level 1 in Fighting
  8432 | D:9      | Reached skill level 1 in Air Magic
  8484 | D:9      | Reached * piety under Vehumet
  8484 | D:9      | Offered knowledge of Foxfire by Vehumet.
  8780 | D:9      | Noticed a centaur warrior
  8848 | D:9      | Reached XP level 11. HP: 59/59 MP: 17/21
  9038 | D:9      | Found a staircase to the Orcish Mines.
  9089 | D:9      | Killed a centaur warrior
  9322 | D:9      | Identified the ring "Xecosui" {rCorr Str+3 Int+7 Dex+3}
  9567 | D:10     | Entered Level 10 of the Dungeon
  9575 | D:10     | Noticed Snorg
  9635 | D:10     | Noticed a boulder beetle
  9650 | D:10     | Killed a boulder beetle
  9669 | D:10     | Reached skill level 5 in Fighting
 10090 | D:10     | Killed Snorg
 10091 | D:10     | Reached skill level 5 in Air Magic
 10122 | D:10     | Found Elehyduk's Antique Armour Shop.
 10217 | D:10     | Reached skill level 5 in Stealth
 10693 | D:11     | Noticed a cyclops
 10694 | D:11     | Hit by a large rock thrown by a cyclops

Illustrated notes

..# ..# ..#
..#####......#
.....##......#
.)...##......#
.....##......#
.....##......######
.....#............#
.....#.......####.#
................@.#
.......#..######..#
.......#..# #.....
.......#..# ##.####
.......#..# .#
....#..#..# .#
#.###..#..# .# #.
#..#### .# .. #.


Turn 3290 on D:4: - ok then #....## #....###+ #...........# #...........+
#...........# #....##.....# #....##.....# #...........# #...........#..
#.....C......# #...@##......# #....##.....## #######......# .......# #.....##
#.....# .....C. #......# Turn 6865 on D:8: - well shit

Levels and vault maps discovered:
D:1:      amcnicky_arrival_choice, layout_rooms,
          chequers_ecumenical_altar_island
D:2:      layout_basic, basic_altar, serial_aquarium, aquarium_bridge_square
          [aquarium_subvault_bridge, aquarium_subvault_wall,
          aquarium_subvault_bridge, aquarium_subvault_wall],
          aquarium_bridge_square [aquarium_subvault_wall,
          aquarium_subvault_bridge, aquarium_subvault_bridge,
          aquarium_subvault_bridge], aquarium_window_corridor_1,
          aquarium_window_1, aquarium_window_fake, aquarium_view_2c,
          aquarium_balcony_1a, uniq_terence
D:3:      layout_rooms, minmay_misc_feat_x, minmay_ruptured,
          uniq_crazy_yiuf_cottage
D:4:      layout_basic
D:5:      layout_basic, grunt_gozag_breadcrumbs
D:6:      layout_rooms, mainiacjoe_overflow_alcove_1, trog_three_pillars_becter,
          nicolae_overflow_crystal_walls, nicolae_sif_muna_condensation,
          minitemple, uniq_prince_ribbit1
D:7:      layout_basic, minmay_temple_entry_slanted, nicolae_shop_clearance
D:8:      layout_gridville, grunt_dithmenos_smoke_and_mirrors
D:9:      layout_loops_ring, orc_0_dummy, kennysheep_generic_room_5
D:10:     layout_big_octagon, serial_shops, shop, corner_web_ring, uniq_snorg
D:11:     layout_gridville, erik_lair_orcish_takeover, hex_tiny
Temple:   jpeg_temple_alley_garden

Skill      XL: |  1  2  3  4  5  6  7  8  9 10 11 |
---------------+----------------------------------+-----
Conjurations   | 6 7 8 9 12 | 12.0
Spellcasting   | 3 4 6 |  6.3
Translocations | 1 4 6 |  6.0
Armour         | 4 6 |  6.0
Dodging        | 5 6 |  6.0
Maces & Flails | 5 6 |  6.0
Fighting       | 2 6 |  6.0
Air Magic      | 2 6 |  6.0
Stealth        | 3 6 |  6.0

Action                   |  1- 3 |  4- 6 |  7- 9 | 10-12 || total
-------------------------+-------+-------+-------+-------++-------
Melee: Dagger            |       |     4 |     1 |       ||     5
       Peck              |       |     2 |       |     9 ||    11
       Kick              |       |     1 |       |    14 ||    15
       Eveningstar       |       |       |       |    34 ||    34
Throw: Stone             |     4 |       |     7 |       ||    11
       Dart              |       |     2 |     6 |    13 ||    21
 Cast: Magic Dart        |    31 |    37 |    40 |    33 ||   141
       Searing Ray       |     3 |    16 |    46 |    53 ||   118
       Iskenderun's Myst |       |       |     1 |     8 ||     9
       Mephitic Cloud    |       |       |       |     3 ||     3
Evoke: Wand              |       |       |       |     1 ||     1
  Use: Scroll            |       |       |     8 |     5 ||    13
 Stab: Sleeping          |       |       |       |     1 ||     1
       Confused          |       |       |       |     7 ||     7
Armor: Robe              |     1 |       |       |       ||     1
       Ring mail         |       |     1 |    11 |    34 ||    46
Dodge: Dodged            |     3 |     9 |    22 |    63 ||    97
